 Dungeon Crawl Stone Soup version 0.29-a0-575-g0dc89cf053 (webtiles) character file.

Game seed: 1332348401250409207

186 frogsbabysitter the Cudgeller (level 5, -5/28 HPs)
             Began as a Vine Stalker Fighter on June 13, 2022.
             Was an Initiate of Wu Jian.
             Killed by divine providence
             ... invoked by an orc priest
              (13 damage)
             ... on level 5 of the Dungeon.
             The game lasted 00:10:21 (2778 turns).

frogsbabysitter the Cudgeller (VSFi)                Turns: 2778, Time: 00:10:23

Health: -5/28      AC:  8    Str: 21    XL:     5   Next: 66%
Magic:  0/6        EV:  9    Int:  8    God:    Wu Jian [......]
Gold:   216        SH:  4    Dex: 13    Spells: 4/4 levels left

rFire   . . .      SeeInvis .   a - +0 flail
rCold   . . .      Faith    .   c - +0 buckler
rNeg    . . .      Spirit   +   b - +0 scale mail
rPois   .          Reflect  .   n - +0 helmet
rElec   .          Harm     .   (no cloak)
rCorr   .          Rampage  .   m - +0 pair of gloves
Will    .....                   (no boots)
Stlth   ..........              (no amulet)
HPRegen 0.89/turn               (no ring)
MPRegen 0.10/turn               (no ring)

@: no status effects
A: fangs 2, regeneration 1, magic shield, antimagic bite, no potion heal 2
a: Renounce Religion


You were on level 5 of the Dungeon.
You worshipped Wu Jian.
Wu Jian was noncommittal.
You visited 2 branches of the dungeon, and saw 6 of its levels.

You collected 216 gold pieces.

Inventory:

Hand Weapons
 a - a +0 flail (weapon)
 u - a +2 hunting sling of flaming
Missiles
 e - 70 stones
 h - 4 javelins
 o - 3 poisoned darts (quivered)
Armour
 b - a +0 scale mail (worn)
 c - a +0 buckler (worn)
 j - a +0 animal skin
 m - a +0 pair of gloves (worn)
 n - a +0 helmet (worn)
Scrolls
 g - 3 scrolls of enchant armour {unknown}
 k - a scroll of fear {unknown}
 p - a scroll of blinking {unknown}
 q - a scroll of immolation {unknown}
 r - 3 scrolls of magic mapping {unknown}
 s - a scroll of torment {unknown}
 v - 3 scrolls of identify {unknown}
 w - a scroll of enchant weapon {unknown}
 x - a scroll of teleportation {unknown}
Potions
 d - 2 potions of might
 f - 3 potions of degeneration {unknown}
 i - a potion of brilliance {unknown}
 l - a potion of lignification {unknown}
 t - 2 potions of haste {unknown}


   Skills:
 - Level 3.3 Fighting
 * Level 4.3 Maces & Flails
 + Level 1.5 Throwing
 - Level 2.4 Armour
 - Level 2.6 Shields


You had 4 spell levels left.
You didn't know any spells.
Your spell library was empty.

Dungeon Overview and Level Annotations

Branches:
Dungeon (5/15)             Temple (1/1) D:4

Altars:
Ashenzari
Cheibriados
Dithmenos
Elyvilon
Fedhas
Gozag
Hepliaklqana
Kikubaaqudgha
Makhleb
Nemelex Xobeh
Okawaru
Qazlal
Ru
Sif Muna
Trog
Uskayaw
Vehumet
Wu Jian
Xom
Yredelemnul
Zin
The Shining One

Shops:
D:5 =

Annotations:
D:2 Jessica


Innate Abilities, Weirdness & Mutations

You have extremely sharp teeth.
Your natural rate of healing is unusually fast.
When hurt, damage is shared between your health and your magic reserves.
Your bite disrupts and absorbs the magic of your enemies.
Potions cannot restore your health.


Message History

The ball python closely misses you. You block the ball python's attack.
The ball python barely misses you.
There is a stone staircase leading down here.
You block the ball python's attack. The ball python closely misses you.
The orc hits you but does no damage.
You climb downwards.
The orc barely misses you.
There is a stone staircase leading up here.
You hit the ball python.
You kill the ball python!
The Council accepts your kill. The orc barely misses you.
You block the orc's attack.
You sock the orc!
You kill the orc!
The Council accepts your kill. The orc hits you but does no damage. x2
You closely miss the orc. You block the orc's attack.
You sock the orc!
You kill the orc!
The Council accepts your kill.
You start resting.
HP restored.
You climb upwards.
The orc hits you with a +0 falchion.
There is a stone staircase leading down here.
You closely miss the orc. You bite the orc, but do no damage.
The orc hits you but does no damage.
The orc priest miscasts a cantrip.
The orc hits you but does no damage. The orc hits you with a +0 war axe!
Unknown command.
The orc barely misses you. You block the orc's attack.
The orc priest calls down the wrath of Beogh upon you.
Beogh smites you!
You climb downwards.
There is a stone staircase leading up here.
You hit the orc priest but do no damage.
The orc priest is heavily wounded.
The orc hits you but does no damage. The orc hits you with a +0 falchion.
* * * LOW HITPOINT WARNING * * *
The orc priest mumbles some strange prayers to Beogh against you.
Beogh smites you!
You die...

..... .....##
.......
.......##
........#####
..........#.##
..........#..##
.......∩.....o##
#............o@#
.....####....)o#
##.. #...##..##
... .......##.#
.> .........###
. #....##..#
..... ..# ...##
..#


You could see an orc priest and 2 orcs.

Vanquished Creatures
  2 hounds (D:4)
  Robin (D:2)
  4 adders
  2 worms (D:2)
  3 dart slugs
  4 orcs
  5 endoplasms
  A giant cockroach (D:2)
  8 goblins
  5 hobgoblins
  2 jackals (D:4)
  4 kobolds
  4 quokkas (D:2)
  9 ball pythons
  6 bats
  5 frilled lizards
  5 rats
70 creatures vanquished.

Notes
Turn   | Place    | Note
-------+----------+-------------------------------------------
     0 | D:1      | frogsbabysitter the Vine Stalker Fighter began the quest
                  | for the Orb.
     0 | D:1      | Reached XP level 1. HP: 11/11 MP: 2/2
    63 | D:1      | Reached skill level 2 in Maces & Flails
   127 | D:1      | Reached XP level 2. HP: 11/16 MP: 1/3
   704 | D:2      | Reached XP level 3. HP: 20/20 MP: 4/4
   869 | D:2      | Noticed Robin
   881 | D:2      | Killed Robin
   882 | D:2      | Reached skill level 3 in Maces & Flails
  1054 | D:2      | Found a faded altar of an unknown god.
  1160 | D:2      | Gained mutation: Your natural rate of healing is unusually
                  | fast. [Vine Stalker growth]
  1160 | D:2      | Reached XP level 4. HP: 24/24 MP: 5/5
  1304 | D:2      | Noticed Jessica
  1583 | D:3      | Found a hazy altar of Hepliaklqana.
  1944 | D:4      | Noticed an ogre
  1986 | D:4      | Reached XP level 5. HP: 28/28 MP: 6/6
  1992 | D:4      | Reached skill level 4 in Maces & Flails
  1992 | D:4      | Reached skill level 1 in Throwing
  2232 | D:5      | Entered Level 5 of the Dungeon
  2232 | D:5      | Found Yfypn's Jewellery Boutique.
  2300 | D:4      | Found a staircase to the Ecumenical Temple.
  2311 | Temple   | Entered the Ecumenical Temple
  2682 | Temple   | Became a worshipper of the Wu Jian Council
  2778 | D:5      | Killed from afar by an orc priest

Illustrated notes

Levels and vault maps discovered:
D:1:      minmay_arrival_radiant_lines, layout_loops_cross
D:2:      layout_loops_corners, hellmonk_ecumenical_altar_pennies_from_heaven,
          uniq_jessica, uniq_robin
D:3:      layout_rooms, mainiacjoe_overflow_boulevard, serial_corexii_hall,
          chequers_hall_statues_y, chequers_hall_statues_wall_a,
          uniq_crazy_yiuf_cottage
D:4:      cheibrodos_thug_alley, layout_layer_cave,
          minmay_temple_entry_nine_rooms
D:5:      layout_cave_pools, serial_shops, nicolae_lakefront_shop, shop, shop,
          shop
Temple:   mainiacjoe_temple_trianglar_array

Skill      XL: |  1  2  3  4  5 |
---------------+----------------+-----
Maces & Flails | 2 3 4 |  4.3
Fighting       | 3 |  3.3
Throwing       | 1 |  1.5
Armour         | |  2.4
Shields        | |  2.6

Action                   |  1- 3 |  4- 6 || total
-------------------------+-------+-------++-------
Melee: Flail             |    77 |    94 ||   171
       Bite              |    18 |    27 ||    45
Throw: Dart              |     3 |    10 ||    13
       Stone             |     1 |     1 ||     2
Armor: Scale mail        |    32 |    50 ||    82
Dodge: Dodged            |    49 |    48 ||    97
Block: Buckler           |    22 |    27 ||    49

Table legend: (Time is in decaauts)
 A = Elapsed time spent in this place.
 B = Non-inter-level travel time spent in this place.
 C = Inter-level travel time spent in this place.
 D = Time resting spent in this place.
 E = Time spent auto-exploring this place.
 F = Levels seen in this place.
 G = Mean time per level.
                   A        B        C        D        E       F      G
               +--------+--------+--------+--------+--------+-----+--------+
         Total |   2830 |   2657 |    173 |    140 |    981 |   6 |  471.7 |
       Dungeon |   2434 |   2290 |    144 |    140 |    651 |   5 |  486.8 |
        Temple |    395 |    366 |     29 |      0 |    330 |   1 |  395.0 |
               +--------+--------+--------+--------+--------+-----+--------+

Top non-repeatable levels by time:
     D:2: 833 daAuts
     D:3: 607 daAuts
     D:1: 564 daAuts
     D:4: 397 daAuts
  Temple: 395 daAuts
     D:5: 30 daAuts
